 Dungeon Sprint DCSS version 0.22.1-2-g9c5b331 (webtiles) character file.

319678 diana the Victor of a Thousand Battles (level 20, -51/187 HPs)
             Began as a Gnoll Gladiator on Nov 30, 2018.
             Was the Champion of Okawaru.
             Killed from afar by an orb of fire (82 damage)
             ... with a fireball
             ... in the Dungeon (Sprint IX: "|||||||||||||||||||||||||||||").
             The game lasted 00:55:56 (10002 turns).

diana the Victor of a Thousand Battles (GnGl)      Turns: 10002, Time: 00:55:57

Health: -51/187    AC: 34    Str: 41    XL:     20   Next: 0%
Magic:  0/47       EV: 36    Int: 10    God:    Okawaru [******]
Gold:   1276       SH: 36    Dex: 24    Spells: 65/65 levels left

rFire    x . .     SeeInvis .   y - +5 demon blade of Trauma {elec, Str+5}
rCold    x . .     Gourm    .   U - +5 large shield
rNeg     + + .     Faith    .   C - quicksilver dragon scales
rPois    .         Spirit   +   X - +2 hat of the Bear Spirit {Spirit, +Rage rN+ MR++}
rElec    .         Reflect  .   G - +1 cloak of Pecipoots {rC- Regen+ Str+4 Dex+5}
rCorr    .         Harm     .   u - +1 pair of gloves {Str+3}
MR       ++++.     NoTele   +   Q - +2 pair of boots {Stlth+}
Stlth    +++++++++.             S - amulet of Vameerema {RegenMP +Inv}
HPRegen  0.81/turn              p - ring "Ali Louvugob" {Wiz rF- rN+ Str+7}
MPRegen  0.55/turn              k - +3 ring of slaying

@: heroism, finesse
A: distributed training, fangs 1, yellow scales 1, dopey 1, strong nose
}: 5/17 runes: decaying, serpentine, barnacled, silver, gossamer
a: Heroism, Finesse, Renounce Religion, Evoke Berserk Rage, Evoke Invisibility


You were in the Dungeon.
You worshipped Okawaru.
Okawaru was exalted by your worship.
You were hungry.

You visited 1 branch You collected 1922 gold pieces.
You spent 646 gold pieces at shops.

Inventory:

Hand Weapons
 y - the +5 demon blade of Trauma (weapon) {elec, Str+5}
   (You found it in the Dungeon)

   Occasionally, upon striking a foe, it will discharge some electrical energy
   and cause terrible harm.
   It affects your strength (+5).
 J - a +6 vampiric lajatang
 K - the +5 bardiche of Ygilishro {speed, Str+6}
   (You found it in the Dungeon)

   Attacks with this weapon are significantly faster.
   It affects your strength (+6).
 O - the +10 short sword of the Blowfly {pain, +Inv rPois rF++}
   (You found it in the Dungeon)

   In the hands of one skilled in necromantic magic, it inflicts extra damage on
   living creatures.
   It greatly protects you from fire.
   It protects you from poison.
   It lets you turn invisible.
 P - a +8 blowgun
 R - a +3 double sword
 W - the +13 scythe of Curses {drain, *Curse}
   (You found it in the Dungeon)

   A truly terrible weapon, it drains the life of those it strikes.
   It curses itself when equipped.
Missiles
 a - 154 arrows
 b - 145 bolts
 d - 8 throwing nets
 E - 9 curare-tipped needles
 F - 10 needles of frenzy
 H - 7 tomahawks of dispersal
 L - 17 silver javelins
 M - 11 javelins of penetration (quivered)
 N - 4 poisoned javelins
 T - 8 poisoned tomahawks
Armour
 g - a +0 shield of protection
 u - a +1 pair of gloves of strength (worn)
 C - quicksilver dragon scales (worn)
 G - the +1 cloak of Pecipoots (worn) {rC- Regen+ Str+4 Dex+5}
   (You found it in the Dungeon)

   It affects your strength (+4).
   It affects your dexterity (+5).
   It makes you vulnerable to cold.
   It increases your rate of regeneration.
 Q - a +2 pair of boots of stealth (worn)
 U - a +5 large shield (worn)
 X - the +2 hat of the Bear Spirit (worn) {Spirit, +Rage rN+ MR++}
   (You found it in the Dungeon)

   It protects you from negative energy.
   It affects your resistance to hostile enchantments.
   It lets you go berserk.
 Y - +0 gold dragon scales
Magical Staves
 w - an uncursed staff of energy
Jewellery
 k - a +3 ring of slaying (right hand)
 p - the ring "Ali Louvugob" (left hand) {Wiz rF- rN+ Str+7}
   (You found it in the Dungeon)

   [ring of wizardry]

   It improves your spell success rate.
   It affects your strength (+7).
   It makes you vulnerable to fire.
   It protects you from negative energy.
 S - the amulet of Vameerema (around neck) {RegenMP +Inv}
   (You found it in the Dungeon)

   [amulet of magic regeneration]

   It increases your magic regeneration.
   It lets you turn invisible.
 V - a +6 ring of dexterity
Wands
 o - a wand of acid (3)
Scrolls
 m - 4 scrolls of remove curse
 n - 2 scrolls of amnesia
 q - 5 scrolls of blinking
 r - 4 scrolls of enchant armour
 s - a scroll of identify
 t - a scroll of fog
 B - 10 scrolls of fear
Potions
 c - a potion of ambrosia
 e - 12 potions of curing
 h - 9 potions of haste
 i - 4 potions of magic
 j - 4 potions of berserk rage
 l - a potion of invisibility
 x - 2 potions of agility
 z - 4 potions of might
 A - a potion of resistance
 D - 2 potions of brilliance
 I - a potion of flight
 Z - 5 potions of heal wounds
Miscellaneous
 v - a box of beasts
Comestibles
 f - 9 rations


   Skills:
 + Level 23.7(27) Fighting
 + Level 23.4(27) Short Blades
 + Level 23.4(27) Long Blades
 + Level 23.4(27) Axes
 + Level 23.4(27) Maces & Flails
 + Level 23.4(27) Polearms
 + Level 23.9(27) Staves
 + Level 23.4(27) Slings
 + Level 23.4(27) Bows
 + Level 23.4(27) Crossbows
 + Level 23.7(27) Throwing
 + Level 23.4(27) Armour
 + Level 23.9(27) Dodging
 + Level 23.4(27) Stealth
 + Level 23.4(27) Shields
 + Level 23.4(27) Unarmed Combat
 + Level 23.4 Spellcasting
 + Level 20.4 Conjurations
 + Level 20.4 Hexes
 + Level 20.4 Charms
 + Level 20.4 Summonings
 + Level 20.4 Necromancy
 + Level 20.4 Translocations
 + Level 20.4 Transmutations
 + Level 20.4 Fire Magic
 + Level 20.4 Ice Magic
 + Level 20.4 Air Magic
 + Level 20.4 Earth Magic
 + Level 20.4 Poison Magic
 + Level 25.1 Invocations
 + Level 23.4 Evocations


You had 65 spell levels left.
You didn't know any spells.
Your spell library was empty.

Dungeon Overview and Level Annotations

Branches:
Dungeon (1/1)

Altars:
Cheibriados
Dithmenos
Elyvilon
Fedhas
Gozag
Hepliaklqana
Kikubaaqudgha
Makhleb
Nemelex Xobeh
Okawaru
Qazlal
Ru
Sif Muna
Trog
Uskayaw
Vehumet
Wu Jian
Xom
Yredelemnul
Zin
The Shining One
Beogh
Jiyva
Lugonu

Shops:
D %[((


Innate Abilities, Weirdness & Mutations

Your experience applies equally to all skills.
You have very sharp teeth.
Your uncanny sense of smell can sniff out nearby items.
You are partially covered in yellow scales. (AC +2)
You are dopey. (Int -2)


Message History

The javelin of penetration pierces through the electric golem!!!!
The electric golem is severely damaged.
The javelin of penetration pierces through the Killer Klown!!!
The Killer Klown is heavily wounded.
The orb of fire glows yellow.
The bolt of fire hits you! The fire burns you terribly!
* * * LOW HITPOINT WARNING * * *
You feel much better.
You are feeling hungry.
The electric golem blinks!
The orb of fire glows deep purple.
The fireball explodes!
The fireball engulfs you! The fire burns you terribly!
* * * LOW HITPOINT WARNING * * *
The fireball engulfs the orb of fire.
The orb of fire completely resists.
The electric golem blinks!
An orb of fire comes into view.
You feel much better.
The orb of fire emits a lurid red light.
The fireball explodes!
The fireball engulfs you! The fire burns you terribly!
You die...

*,*,*,*,*,*,*p▓.▓)▓.▓.▓.▓(▓[▓)
*+*,*,*,*,*,▓*▓.▓'▓.▓.▓.▓)▓.▓)
*,*,*,*,*+*,▓(▓.▓.▓.▓.▓.▓)▓.▓[
*,*,*,*,*,*,▓8▓.▓†▓.▓.▓.▓.▓.▓)
*,*,*,*,*,*,▓.▓.▓†▓.▓.▓.▓(▓.▓)
*,*,*+*,*,*,▓.▓.▓)▓.▓.▓.▓)▓.▓[
*,*,*,*,*,*,▓p▓.▓†▓.▓.▓.▓)▓.▓†
*,*,*,*,*,*,▓*▓.▓.▓.▓.▓.▓)▓.▓)
*,*,*,*,*,*,▓@▓.▓)▓.▓[▓.▓)▓.▓)
*,*,*,*,*,*,▓)▓.▓)▓.▓.▓.▓.▓.▓'
*,*,*,*,*∆*,▓.▓.▓'▓.▓[▓.▓.▓.♣.
*,*,*,*,*,*,▓'▓.▓.▓.▓[▓.▓.▓.♣.
*,*,*,*,*,*,▓.▓.▓.▓.▓[▓.▓.▓.♣.
*,*,*,*,*,*,▓'▓.▓.▓.▓[▓.▓.▓.♣.
*,*,*,*,*,*,▓.▓.▓)▓.▓.▓.▓.▓.♣.
*,*,*+*,*,*,▓'▓.▓)▓.▓.▓.▓.▓.♣.
*,*,*,*,*,*,▓.▓.▓)▓.▓.▓.▓.▓.♣†


You could see 2 orbs of fire, a Killer Klown and an electric golem.

Vanquished Creatures
  2 orbs of fire (D)
  2 ancient liches (D)
  Frederick (D)
  Xtahua (D)
  Margery (D)
  2 golden dragons (D)
  Nikola (D)
  A bone dragon (D)
  3 liches (D)
  An electric golem (D)
  Rupert (D)
  15 Orb Guardians (D)
  4 tentacled monstrosities (D)
  3 quicksilver dragons (D)
  A titan (D)
  2 death cobs (D)
  Kirke (D)
  Agnes (D)
  8 shadow dragons (D)
  A draconian monk (D)
  A storm dragon (D)
  Ilsuiw (D)
  2 fire giants (D)
  4 nagarajas (D)
  2 draconian scorchers (D)
  3 frost giants (D)
  5 emperor scorpions (D)
  A draconian knight (D)
  Louise (D)
  A draconian annihilator (D)
  2 ghost moths (D)
  2 draconian stormcallers (D)
  An ironheart preserver (D)
  3 stone giants (D)
  A war gargoyle (D)
  3 green draconians (D)
  2 entropy weavers (D)
  A very ugly thing (D)
  4 purple draconians (D)
  5 white draconians (D)
  3 black draconians (D)
  A yellow draconian (D)
  A spark wasp (D)
  Snorg (D)
  3 red draconians (D)
  2 merfolk javelineers (D)
  4 merfolk impalers (D)
  5 ettins (D)
  6 fire dragons (D)
  Erolcha (D)
  A yaktaur captain (D)
  Harold (D)
  2 great orbs of eyes (D)
  A rakshasa (D)
  25 vault guards (D)
  3 ice dragons (D)
  3 naga warriors (D)
  A spriggan air mage (D)
  6 hydras (D)
  Erica (D)
  3 catoblepae (D)
  A merfolk avatar (D)
  5 merfolk aquamancers (D)
  2 death yaks (D)
  A deep troll shaman (D)
  A two-headed ogre (D)
  A centaur warrior (D)
  A dancing weapon (D)
  2 tengu warriors (D)
  An alligator (D)
  A vampire mage (D)
  A shock serpent (D)
  Nergalle (D)
  6 hell knights (D)
  Sonja (D)
  A spriggan (D)
  A salamander mystic (D)
  2 skeletal warriors (D)
  A flayed ghost (D)
  8 swamp dragons (D)
  2 sea snakes (D)
  A shambling mangrove (D)
  A wizard (D)
  A glowing orange brain (D)
  2 ironbrand convokers (D)
  A deep troll (D)
  A harpy (D)
  8 orc knights (D)
  A deep elf archer (D)
  8 orc sorcerers (D)
  A mana viper (shapeshifter) (D)
  3 necromancers (D)
  2 wolf spiders (D)
  An orb spider (D)
  2 ugly things (D)
  11 moths of wrath (D)
  A manticore (D)
  A merfolk siren (D)
  2 guardian serpents (D)
  2 vault sentinels (D)
  5 spiny frogs (D)
  4 naga magi (D)
  A spiny frog (shapeshifter) (D)
  4 black mambas (D)
  4 demonic crawlers (D)
  2 freezing wraiths (D)
  2 yaktaurs (D)
  2 jumping spiders (D)
  A tyrant leech (D)
  A merfolk (D)
  2 hornets (D)
  A blink frog (D)
  2 snapping turtles (D)
  3 slime creatures (D)
  2 hippogriffs (D)
  A shadow (D)
  A wyvern (D)
  4 redbacks (D)
  2 water elementals (D)
  A wraith (D)
  3 basilisks (D)
  2 hogs (D)
  A vampire mosquito (D)
  5 yaks (D)
  An insubstantial wisp (D)
  An acid dragon (D)
  A soldier ant (D)
  3 nagas (D)
  A water moccasin (D)
  2 swamp drakes (D)
  4 porcupines (D)
  11 orc warriors (D)
  2 sky beasts (D)
  An eye of draining (D)
  An ogre (D)
  4 bullfrogs (D)
  2 scorpions (D)
  A crimson imp (D)
  3 orc priests (D)
  6 orc wizards (D)
  A worker ant (D)
  3 adder skeletons (D)
  9 orcs (D)
  2 giant cockroaches (D)
  A goblin (D)
  A jackal (D)
  2 kobolds (D)
  A frilled lizard (D)
  A rat (D)
382 creatures vanquished.

Vanquished Creatures (others)
  4 humans (D)
4 creatures vanquished.

Grand Total: 386 creatures vanquished

Notes
Turn   | Place    | Note
-------+----------+-------------------------------------------
     0 | D        | diana the Gnoll Gladiator began the quest for the Orb.
     0 | D        | Reached XP level 1. HP: 20/20 MP: 1/1
    13 | D        | Reached skill level 1 in Invocations
    30 | D        | Noticed a crimson imp
    30 | D        | Noticed a scorpion
    32 | D        | Reached skill level 1 in Short Blades
    32 | D        | Reached skill level 1 in Long Blades
    32 | D        | Reached skill level 1 in Axes
    32 | D        | Reached skill level 1 in Maces & Flails
    32 | D        | Reached skill level 1 in Polearms
    32 | D        | Reached skill level 1 in Slings
    32 | D        | Reached skill level 1 in Bows
    32 | D        | Reached skill level 1 in Crossbows
    32 | D        | Reached skill level 1 in Armour
    32 | D        | Reached skill level 1 in Stealth
    32 | D        | Reached skill level 1 in Shields
    32 | D        | Reached skill level 1 in Unarmed Combat
    32 | D        | Reached skill level 1 in Spellcasting
    32 | D        | Reached skill level 1 in Evocations
    32 | D        | Reached XP level 2. HP: 26/26 MP: 3/3
    43 | D        | Killed a scorpion
    43 | D        | Reached skill level 5 in Fighting
    43 | D        | Reached skill level 5 in Throwing
    43 | D        | Reached skill level 1 in Conjurations
    43 | D        | Reached skill level 1 in Hexes
    43 | D        | Reached skill level 1 in Charms
    43 | D        | Reached skill level 1 in Summonings
    43 | D        | Reached skill level 1 in Necromancy
    43 | D        | Reached skill level 1 in Translocations
    43 | D        | Reached skill level 1 in Transmutations
    43 | D        | Reached skill level 1 in Fire Magic
    43 | D        | Reached skill level 1 in Ice Magic
    43 | D        | Reached skill level 1 in Air Magic
    43 | D        | Reached skill level 1 in Earth Magic
    43 | D        | Reached skill level 1 in Poison Magic
    43 | D        | Reached skill level 2 in Invocations
    43 | D        | Reached XP level 3. HP: 6/33 MP: 3/6
    46 | D        | Reached XP level 4. HP: 6/39 MP: 3/7
    53 | D        | Reached skill level 3 in Invocations
   303 | D        | Found a roughly hewn altar of Beogh.
   303 | D        | Found a snail-covered altar of Cheibriados.
   303 | D        | Found a shadowy altar of Dithmenos.
   303 | D        | Found a white marble altar of Elyvilon.
   303 | D        | Found a blossoming altar of Fedhas.
   303 | D        | Found an opulent altar of Gozag.
   304 | D        | Found a hazy altar of Hepliaklqana.
   305 | D        | Found a viscous altar of Jiyva.
   306 | D        | Found an ancient bone altar of Kikubaaqudgha.
   307 | D        | Found a corrupted altar of Lugonu.
   308 | D        | Found a burning altar of Makhleb.
   309 | D        | Found a sparkling altar of Nemelex Xobeh.
   310 | D        | Found an iron altar of Okawaru.
   311 | D        | Found a stormy altar of Qazlal.
   312 | D        | Found a sacrificial altar of Ru.
   313 | D        | Found a deep blue altar of Sif Muna.
   314 | D        | Found a bloodstained altar of Trog.
   315 | D        | Found a hide-covered altar of Uskayaw.
   316 | D        | Found a radiant altar of Vehumet.
   317 | D        | Found an ornate altar of the Wu Jian Council.
   318 | D        | Found a shimmering altar of Xom.
   319 | D        | Found a basalt altar of Yredelemnul.
   320 | D        | Found a glowing silver altar of Zin.
   321 | D        | Found a glowing golden altar of the Shining One.
   428 | D        | Became a worshipper of Warmaster Okawaru
   550 | D        | Noticed an orc warrior
   550 | D        | Noticed an ogre
   550 | D        | Noticed a sky beast
   591 | D        | Killed a sky beast
   591 | D        | Reached skill level 4 in Invocations
   591 | D        | Reached XP level 5. HP: 36/46 MP: 8/10
   594 | D        | Killed an ogre
   594 | D        | Reached XP level 6. HP: 41/53 MP: 8/12
   599 | D        | Reached * piety under Okawaru
   599 | D        | Reached skill level 5 in Invocations
   618 | D        | Killed an orc warrior
   754 | D        | Noticed a soldier ant
   754 | D        | Noticed a two-headed ogre
   765 | D        | Reached skill level 5 in Short Blades
   765 | D        | Reached skill level 5 in Long Blades
   765 | D        | Reached skill level 5 in Axes
   765 | D        | Reached skill level 5 in Maces & Flails
   765 | D        | Reached skill level 5 in Polearms
   765 | D        | Reached skill level 5 in Slings
   765 | D        | Reached skill level 5 in Bows
   765 | D        | Reached skill level 5 in Crossbows
   765 | D        | Reached skill level 5 in Armour
   765 | D        | Reached skill level 5 in Stealth
   765 | D        | Reached skill level 5 in Shields
   765 | D        | Reached skill level 5 in Unarmed Combat
   765 | D        | Reached skill level 5 in Spellcasting
   765 | D        | Reached skill level 5 in Evocations
   765 | D        | Reached XP level 7. HP: 58/59 MP: 14/14
   776 | D        | Killed a two-headed ogre
   776 | D        | Reached ** piety under Okawaru
   776 | D        | Reached *** piety under Okawaru
   776 | D        | Reached skill level 5 in Conjurations
   776 | D        | Reached skill level 5 in Hexes
   776 | D        | Reached skill level 5 in Charms
   776 | D        | Reached skill level 5 in Summonings
   776 | D        | Reached skill level 5 in Necromancy
   776 | D        | Reached skill level 5 in Translocations
   776 | D        | Reached skill level 5 in Transmutations
   776 | D        | Reached skill level 5 in Fire Magic
   776 | D        | Reached skill level 5 in Ice Magic
   776 | D        | Reached skill level 5 in Air Magic
   776 | D        | Reached skill level 5 in Earth Magic
   776 | D        | Reached skill level 5 in Poison Magic
   776 | D        | Reached skill level 6 in Invocations
   776 | D        | Reached XP level 8. HP: 47/68 MP: 14/17
   788 | D        | Reached skill level 7 in Invocations
   995 | D        | Noticed a wyvern
   995 | D        | Noticed a blink frog
   995 | D        | Noticed a spiny frog
   995 | D        | Noticed a spiny frog
  1000 | D        | Noticed a spiny frog
  1005 | D        | Killed a spiny frog
  1005 | D        | Received a gift from Okawaru
  1013 | D        | Noticed a yak
  1021 | D        | Reached XP level 9. HP: 23/75 MP: 16/19
  1026 | D        | Killed a spiny frog
  1026 | D        | Reached **** piety under Okawaru
  1035 | D        | Reached skill level 8 in Invocations
  1042 | D        | Reached skill level 10 in Staves
  1042 | D        | Reached skill level 10 in Dodging
  1050 | D        | Killed a spiny frog
  1283 | D        | Noticed a spiny frog
  1283 | D        | Noticed a catoblepas
  1286 | D        | Reached ***** piety under Okawaru
  1289 | D        | Killed a spiny frog
  1289 | D        | Reached skill level 9 in Invocations
  1289 | D        | Reached XP level 10. HP: 52/83 MP: 22/22
  1290 | D        | Killed a catoblepas
  1290 | D        | Received a gift from Okawaru
  1515 | D        | Noticed a death yak
  1515 | D        | Noticed a catoblepas
  1515 | D        | Noticed a death yak
  1533 | D        | Killed a death yak
  1533 | D        | Received a gift from Okawaru
  1533 | D        | Reached skill level 10 in Fighting
  1533 | D        | Reached skill level 10 in Throwing
  1537 | D        | Killed a catoblepas
  1537 | D        | Received a gift from Okawaru
  1537 | D        | Reached skill level 10 in Invocations
  1541 | D        | Noticed a catoblepas
  1542 | D        | Killed a death yak
  1542 | D        | Reached XP level 11. HP: 40/92 MP: 22/24
  1569 | D        | HP: 4/92 [catoblepas/blast of calcifying dust (6)]
  1931 | D        | Noticed Sonja
  1980 | D        | Killed Sonja
  1980 | D        | Received a gift from Okawaru
  2674 | D        | Killed a catoblepas
  2674 | D        | Received a gift from Okawaru
  2958 | D        | Noticed Erica
  2980 | D        | Killed Erica
  2980 | D        | Reached skill level 10 in Short Blades
  2980 | D        | Reached skill level 10 in Long Blades
  2980 | D        | Reached skill level 10 in Axes
  2980 | D        | Reached skill level 10 in Maces & Flails
  2980 | D        | Reached skill level 10 in Polearms
  2980 | D        | Reached skill level 10 in Slings
  2980 | D        | Reached skill level 10 in Bows
  2980 | D        | Reached skill level 10 in Crossbows
  2980 | D        | Reached skill level 10 in Armour
  2980 | D        | Reached skill level 10 in Stealth
  2980 | D        | Reached skill level 10 in Shields
  2980 | D        | Reached skill level 10 in Unarmed Combat
  2980 | D        | Reached skill level 10 in Spellcasting
  2980 | D        | Reached skill level 10 in Evocations
  3111 | D        | Noticed an orc knight
  3130 | D        | Killed an orc knight
  3130 | D        | Reached ****** piety under Okawaru
  3130 | D        | Reached skill level 11 in Invocations
  3314 | D        | Received a gift from Okawaru
  3418 | D        | Noticed an orc knight
  3448 | D        | Noticed an orc knight
  3465 | D        | Killed an orc knight
  3546 | D        | Killed an orc knight
  3887 | D        | Found Caotoog's Antique Weapon Boutique.
  3887 | D        | Noticed an orc sorcerer
  3887 | D        | Noticed an orc sorcerer
  3887 | D        | Noticed an orc sorcerer
  3887 | D        | Noticed an orc sorcerer
  3890 | D        | Noticed a sixfirhy
  3901 | D        | Killed an orc sorcerer
  3903 | D        | Killed an orc sorcerer
  3904 | D        | Noticed an orc sorcerer
  3904 | D        | Found Hyodij's Antique Weapon Shop.
  3905 | D        | Killed an orc sorcerer
  3907 | D        | Found Siobec's Armour Boutique.
  3911 | D        | Killed an orc sorcerer
  3911 | D        | Reached XP level 12. HP: 93/101 MP: 20/26
  3920 | D        | Found Fumosh's Food Shop.
  3939 | D        | Noticed a soul eater
  3984 | D        | Reached skill level 12 in Invocations
  4009 | D        | Bought a runed demon blade for 342 gold pieces
  4009 | D        | Bought a shimmering spear for 152 gold pieces
  4009 | D        | Bought a crude mace for 152 gold pieces
  4009 | D        | Identified the cursed +1 spear "Fuufis" {antimagic, Dex+3}
                  | (You bought it in a shop in the Dungeon)
  4014 | D        | Identified the +4 mace of Dullness {vamp, rElec} (You
                  | bought it in a shop in the Dungeon)
  4086 | D        | Noticed Harold
  4100 | D        | Killed Harold
  4191 | D        | Noticed Erolcha
  4203 | D        | Paralysed by Erolcha for 6 turns
  4210 | D        | Killed Erolcha
  4537 | D        | Got the +10 short sword of the Blowfly {pain, +Inv rPois
                  | rF++}
  4598 | D        | Noticed a four-headed hydra
  4605 | D        | Received a gift from Okawaru
  4610 | D        | Killed a one-headed hydra
  4637 | D        | Noticed a tengu warrior
  4644 | D        | Noticed an ettin
  4649 | D        | Noticed a great orb of eyes
  4652 | D        | Noticed a centaur warrior
  4660 | D        | Noticed a stone giant
  4662 | D        | Killed a tengu warrior
  4662 | D        | Received a gift from Okawaru
  4673 | D        | Reached skill level 10 in Conjurations
  4673 | D        | Reached skill level 10 in Hexes
  4673 | D        | Reached skill level 10 in Charms
  4673 | D        | Reached skill level 10 in Summonings
  4673 | D        | Reached skill level 10 in Necromancy
  4673 | D        | Reached skill level 10 in Translocations
  4673 | D        | Reached skill level 10 in Transmutations
  4673 | D        | Reached skill level 10 in Fire Magic
  4673 | D        | Reached skill level 10 in Ice Magic
  4673 | D        | Reached skill level 10 in Air Magic
  4673 | D        | Reached skill level 10 in Earth Magic
  4673 | D        | Reached skill level 10 in Poison Magic
  4681 | D        | Killed an ettin
  4681 | D        | Received a gift from Okawaru
  4687 | D        | Killed a great orb of eyes
  4696 | D        | Killed a stone giant
  4702 | D        | Killed a centaur warrior
  4702 | D        | Reached skill level 13 in Invocations
  4709 | D        | Reached XP level 13. HP: 66/109 MP: 3/29
  4887 | D        | Noticed Kirke
  4894 | D        | Noticed a sphinx
  4925 | D        | Killed Kirke
  5026 | D        | Noticed Rupert
  5048 | D        | Killed Rupert
  5048 | D        | Received a gift from Okawaru
  5135 | D        | Noticed Agnes
  5136 | D        | Noticed Nergalle
  5149 | D        | Killed Agnes
  5158 | D        | Killed Nergalle
  5272 | D        | Noticed Snorg
  5291 | D        | Killed Snorg
  5495 | D        | Reached skill level 14 in Invocations
  5698 | D        | Noticed an emperor scorpion
  5698 | D        | Noticed an entropy weaver
  5706 | D        | Killed an entropy weaver
  5736 | D        | Killed an emperor scorpion
  5888 | D        | Received a gift from Okawaru
  5888 | D        | Reached XP level 14. HP: 86/120 MP: 23/31
  5985 | D        | Reached skill level 15 in Staves
  5985 | D        | Reached skill level 15 in Dodging
  6260 | D        | Noticed a lich
  6268 | D        | Reached skill level 15 in Invocations
  6273 | D        | Noticed a frost giant
  6277 | D        | Noticed a fire giant
  6286 | D        | Killed a lich
  6286 | D        | Received a gift from Okawaru
  6293 | D        | Noticed a lich
  6297 | D        | Noticed a frost giant
  6305 | D        | Killed a frost giant
  6305 | D        | Received a gift from Okawaru
  6305 | D        | Received a gift from Okawaru
  6328 | D        | Killed a fire giant
  6328 | D        | Received a gift from Okawaru
  6328 | D        | Reached skill level 15 in Fighting
  6328 | D        | Reached skill level 15 in Throwing
  6336 | D        | Killed a lich
  6336 | D        | Received a gift from Okawaru
  6338 | D        | Noticed a purple very ugly thing
  6352 | D        | Killed a frost giant
  6360 | D        | Killed a purple very ugly thing
  6376 | D        | Reached skill level 16 in Invocations
  6392 | D        | HP: 1/123 [ice dragon (7)]
  6778 | D        | Noticed an ironheart preserver
  6797 | D        | Reached skill level 15 in Short Blades
  6797 | D        | Reached skill level 15 in Long Blades
  6797 | D        | Reached skill level 15 in Axes
  6797 | D        | Reached skill level 15 in Maces & Flails
  6797 | D        | Reached skill level 15 in Polearms
  6797 | D        | Reached skill level 15 in Slings
  6797 | D        | Reached skill level 15 in Bows
  6797 | D        | Reached skill level 15 in Crossbows
  6797 | D        | Reached skill level 15 in Armour
  6797 | D        | Reached skill level 15 in Stealth
  6797 | D        | Reached skill level 15 in Shields
  6797 | D        | Reached skill level 15 in Unarmed Combat
  6797 | D        | Reached skill level 15 in Spellcasting
  6797 | D        | Reached skill level 15 in Evocations
  6817 | D        | Killed an ironheart preserver
  6817 | D        | Reached XP level 15. HP: 115/129 MP: 29/34
  7056 | D        | Found the +13 scythe of Curses {drain, *Curse}
  7082 | D        | Found the +2 hat of the Bear Spirit {Spirit, +Rage rN+
                  | MR++}
  7408 | D        | Noticed Margery
  7433 | D        | Killed Margery
  7433 | D        | Received a gift from Okawaru
  7444 | D        | Reached skill level 17 in Invocations
  7512 | D        | Noticed Ilsuiw
  7617 | D        | Killed Ilsuiw
  7620 | D        | Got a barnacled rune of Zot
  7779 | D        | Received a gift from Okawaru
  7793 | D        | Reached XP level 16. HP: 141/141 MP: 36/36
  7814 | D        | Got a decaying rune of Zot
  7923 | D        | Noticed a nagaraja
  7925 | D        | Reached skill level 18 in Invocations
  7925 | D        | Noticed a nagaraja
  7927 | D        | Killed a nagaraja
  7929 | D        | Killed a nagaraja
  7932 | D        | Noticed a nagaraja
  7935 | D        | Noticed a nagaraja
  7949 | D        | Killed a nagaraja
  7958 | D        | Killed a nagaraja
  7958 | D        | Received a gift from Okawaru
  8021 | D        | Got a serpentine rune of Zot
  8075 | D        | Reached skill level 15 in Conjurations
  8075 | D        | Reached skill level 15 in Hexes
  8075 | D        | Reached skill level 15 in Charms
  8075 | D        | Reached skill level 15 in Summonings
  8075 | D        | Reached skill level 15 in Necromancy
  8075 | D        | Reached skill level 15 in Translocations
  8075 | D        | Reached skill level 15 in Transmutations
  8075 | D        | Reached skill level 15 in Fire Magic
  8075 | D        | Reached skill level 15 in Ice Magic
  8075 | D        | Reached skill level 15 in Air Magic
  8075 | D        | Reached skill level 15 in Earth Magic
  8075 | D        | Reached skill level 15 in Poison Magic
  8095 | D        | Got a gossamer rune of Zot
  8336 | D        | Noticed Louise
  8344 | D        | Killed Louise
  8419 | D        | Noticed Frederick
  8427 | D        | Killed Frederick
  8427 | D        | Reached skill level 19 in Invocations
  8491 | D        | Received a gift from Okawaru
  8544 | D        | Reached XP level 17. HP: 151/151 MP: 39/39
  8609 | D        | Noticed a lich
  8618 | D        | Reached skill level 20 in Invocations
  8621 | D        | Noticed an Ice Fiend
  8625 | D        | Killed a lich
  8644 | D        | Received a gift from Okawaru
  8662 | D        | Got a faintly humming cloak
  8722 | D        | Identified the +1 cloak of Pecipoots {rC- Regen+ Str+4
                  | Dex+5} (You found it in the Dungeon)
  8741 | D        | Noticed a quicksilver dragon
  8751 | D        | Noticed a titan
  8758 | D        | Noticed a quicksilver dragon
  8766 | D        | Killed a quicksilver dragon
  8773 | D        | Killed a titan
  8773 | D        | Received a gift from Okawaru
  8775 | D        | Killed a quicksilver dragon
  8789 | D        | Got a silver rune of Zot
  8922 | D        | Noticed Nikola
  8936 | D        | Killed Nikola
  8936 | D        | Received a gift from Okawaru
  8936 | D        | Reached skill level 21 in Invocations
  8982 | D        | Got the ring "Becuv" {+Blink +Inv rElec rC+ Str-2}
  8984 | D        | Got the amulet "Bythruc" {Gourm rC+}
  9001 | D        | Got the ring "Ali Louvugob" {Wiz rF- rN+ Str+7}
  9003 | D        | Got the amulet of Vameerema {RegenMP +Inv}
  9035 | D        | Got the +5 bardiche of Ygilishro {speed, Str+6}
  9040 | D        | Got the +5 demon blade of Trauma {elec, Str+5}
  9108 | D        | Gained mutation: You are agile. (Dex +2) [potion of
                  | mutation]
  9108 | D        | Gained mutation: You are partially covered in yellow
                  | scales. (AC +2) [potion of mutation]
  9155 | D        | Noticed Xtahua
  9166 | D        | Killed Xtahua
  9166 | D        | Received a gift from Okawaru
  9237 | D        | Noticed a tentacled monstrosity
  9257 | D        | Noticed a tentacled monstrosity
  9264 | D        | Killed a tentacled monstrosity
  9264 | D        | Received a gift from Okawaru
  9273 | D        | Killed a tentacled monstrosity
  9273 | D        | Reached XP level 18. HP: 141/164 MP: 39/42
  9546 | D        | Noticed a bone dragon
  9546 | D        | Noticed a golden dragon
  9561 | D        | Killed a golden dragon
  9577 | D        | Killed a bone dragon
  9589 | D        | Reached skill level 22 in Invocations
  9593 | D        | Received a gift from Okawaru
  9638 | D        | Received a gift from Okawaru
  9641 | D        | Received a gift from Okawaru
  9668 | D        | Noticed a tentacled monstrosity
  9676 | D        | Killed a tentacled monstrosity
  9741 | D        | Noticed a quicksilver dragon
  9742 | D        | Noticed a golden dragon
  9745 | D        | Killed a golden dragon
  9747 | D        | Killed a quicksilver dragon
  9760 | D        | Reached skill level 23 in Invocations
  9769 | D        | Received a gift from Okawaru
  9862 | D        | Noticed an Orb Guardian
  9862 | D        | Noticed an Orb Guardian
  9862 | D        | Noticed an Orb Guardian
  9862 | D        | Noticed an Orb Guardian
  9862 | D        | Noticed an Orb Guardian
  9862 | D        | Noticed an Orb Guardian
  9871 | D        | Killed an Orb Guardian
  9875 | D        | Noticed an Orb Guardian
  9876 | D        | Killed an Orb Guardian
  9877 | D        | Noticed an Orb Guardian
  9880 | D        | Killed an Orb Guardian
  9880 | D        | Reached XP level 19. HP: 174/174 MP: 40/44
  9884 | D        | Received a gift from Okawaru
  9916 | D        | Noticed a tentacled monstrosity
  9939 | D        | Killed a tentacled monstrosity
  9939 | D        | Reached skill level 24 in Invocations
  9965 | D        | Noticed an ancient lich
  9969 | D        | Killed an ancient lich
  9971 | D        | Noticed an orb of fire
  9973 | D        | Gained mutation: You are dopey. (Int -2) [an orb of fire]
  9977 | D        | Killed an orb of fire
  9977 | D        | Received a gift from Okawaru
  9982 | D        | Noticed an electric golem
  9988 | D        | Killed an electric golem
  9990 | D        | Noticed a Killer Klown
  9990 | D        | Noticed an ancient lich
  9990 | D        | Noticed an orb of fire
  9991 | D        | Noticed an orb of fire
  9993 | D        | Received a gift from Okawaru
  9994 | D        | Killed an ancient lich
  9994 | D        | Killed an orb of fire
  9994 | D        | Reached skill level 25 in Invocations
  9995 | D        | Reached XP level 20. HP: 147/187 MP: 42/47
  9995 | D        | Noticed an electric golem
  9996 | D        | Noticed a Killer Klown
  9996 | D        | Lost mutation: You are agile. (Dex +2) [an orb of fire]
 10001 | D        | HP: 9/187 [orb of fire/fireball (41)]
 10002 | D        | Noticed an orb of fire
 10002 | D        | Killed from afar by an orb of fire

Skill      XL: |  1  2  3  4  5  6  7  8  9 10 11 12 13 14 15 16 17 18 19 |
---------------+----------------------------------------------------------+-----
Invocations    | 1 2 4 5 6 7 9 10 11 13 14 16 17 19 21 23 25 | 25.1
Short Blades   | 1 2 3 4 5 6 7 8 9 10 12 13 15 16 18 20 21 23 | 23.4
Long Blades    | 1 2 3 4 5 6 7 8 9 10 12 13 15 16 18 20 21 23 | 23.4
Axes           | 1 2 3 4 5 6 7 8 9 10 12 13 15 16 18 20 21 23 | 23.4
Maces & Flails | 1 2 3 4 5 6 7 8 9 10 12 13 15 16 18 20 21 23 | 23.4
Polearms       | 1 2 3 4 5 6 7 8 9 10 12 13 15 16 18 20 21 23 | 23.4
Slings         | 1 2 3 4 5 6 7 8 9 10 12 13 15 16 18 20 21 23 | 23.4
Bows           | 1 2 3 4 5 6 7 8 9 10 12 13 15 16 18 20 21 23 | 23.4
Crossbows      | 1 2 3 4 5 6 7 8 9 10 12 13 15 16 18 20 21 23 | 23.4
Armour         | 1 2 3 4 5 6 7 8 9 10 12 13 15 16 18 20 21 23 | 23.4
Stealth        | 1 2 3 4 5 6 7 8 9 10 12 13 15 16 18 20 21 23 | 23.4
Shields        | 1 2 3 4 5 6 7 8 9 10 12 13 15 16 18 20 21 23 | 23.4
Unarmed Combat | 1 2 3 4 5 6 7 8 9 10 12 13 15 16 18 20 21 23 | 23.4
Spellcasting   | 1 2 3 4 5 6 7 8 9 10 12 13 15 16 18 20 21 23 | 23.4
Evocations     | 1 2 3 4 5 6 7 8 9 10 12 13 15 16 18 20 21 23 | 23.4
Fighting       | 5 6 7 8 9 10 11 12 14 15 17 18 20 22 23 | 23.7
Throwing       | 5 6 7 8 9 10 11 12 14 15 17 18 20 22 23 | 23.7
Conjurations   | 1 3 4 5 6 8 9 10 11 13 14 15 17 18 20 | 20.4
Hexes          | 1 3 4 5 6 8 9 10 11 13 14 15 17 18 20 | 20.4
Charms         | 1 3 4 5 6 8 9 10 11 13 14 15 17 18 20 | 20.4
Summonings     | 1 3 4 5 6 8 9 10 11 13 14 15 17 18 20 | 20.4
Necromancy     | 1 3 4 5 6 8 9 10 11 13 14 15 17 18 20 | 20.4
Translocations | 1 3 4 5 6 8 9 10 11 13 14 15 17 18 20 | 20.4
Transmutations | 1 3 4 5 6 8 9 10 11 13 14 15 17 18 20 | 20.4
Fire Magic     | 1 3 4 5 6 8 9 10 11 13 14 15 17 18 20 | 20.4
Ice Magic      | 1 3 4 5 6 8 9 10 11 13 14 15 17 18 20 | 20.4
Air Magic      | 1 3 4 5 6 8 9 10 11 13 14 15 17 18 20 | 20.4
Earth Magic    | 1 3 4 5 6 8 9 10 11 13 14 15 17 18 20 | 20.4
Poison Magic   | 1 3 4 5 6 8 9 10 11 13 14 15 17 18 20 | 20.4
Staves         | 7 8 9 10 11 12 13 14 16 17 19 20 22 23 | 23.9
Dodging        | 7 8 9 10 11 12 13 14 16 17 19 20 22 23 | 23.9

Action                   |  1- 3 |  4- 6 |  7- 9 | 10-12 | 13-15 | 16-18 | 19-21 || total
-------------------------+-------+-------+-------+-------+-------+-------+-------++-------
Melee: Quarterstaff      |    25 |    59 |    85 |   334 |       |       |       ||   503
       Bite              |     3 |     8 |    16 |    71 |   115 |    68 |    20 ||   301
       Short sword       |       |       |       |    82 |    58 |     1 |       ||   141
       Punch             |       |       |       |    15 |     2 |       |       ||    17
       Scimitar          |       |       |       |     4 |       |       |       ||     4
       Lajatang          |       |       |       |       |   597 |   193 |       ||   790
       Demon blade       |       |       |       |       |       |   101 |    72 ||   173
 Fire: Blowgun           |       |       |       |    18 |     7 |       |       ||    25
Throw: Throwing net      |       |       |       |     1 |       |       |       ||     1
       Javelin           |       |       |       |       |    14 |    89 |     6 ||   109
Invok: Heroism           |       |       |     1 |    10 |    10 |     9 |       ||    30
       Finesse           |       |       |       |     3 |     7 |     5 |       ||    15
 Abil: Evoke Berserk Rag |       |       |       |       |     1 |     1 |       ||     2
       Evoke Invisibilit |       |       |       |       |       |     1 |       ||     1
Evoke: Wand              |       |       |     2 |    11 |     1 |       |       ||    14
  Use: Potion            |       |       |     2 |     3 |     1 |     1 |     2 ||     9
       Scroll            |       |       |       |     3 |     2 |     5 |       ||    10
 Stab: Petrified         |       |       |       |     2 |       |       |       ||     2
       Petrifying        |       |       |       |     1 |       |       |       ||     1
       Sleeping          |       |       |       |     1 |     1 |     2 |     3 ||     7
  Eat: Chunk             |       |       |     1 |     7 |     9 |     4 |     1 ||    22
       Ration            |       |       |       |     1 |     2 |     1 |       ||     4
Armor: Leather armour    |     2 |     1 |       |     9 |       |       |       ||    12
       Chain mail        |       |    11 |    11 |    75 |       |       |       ||    97
       Ice dragon scales |       |       |       |    19 |   106 |       |       ||   125
       Gold dragon scale |       |       |       |       |    62 |    73 |       ||   135
       Quicksilver drago |       |       |       |       |       |    14 |     3 ||    17
Dodge: Dodged            |    13 |    17 |    25 |   157 |   381 |   174 |    12 ||   779
Block: Large shield      |       |       |       |       |       |    75 |    29 ||   104
       Rpst.: Scimitar   |       |       |       |     2 |       |       |       ||     2
       Demon blade       |       |       |       |       |       |     4 |     1 ||     5
